 Dungeon Crawl Stone Soup version 0.27-a0-1572-gacd6f1ce93 (webtiles) character file.

Game seed: 10540336295309209262

126 Angani the Firebug (level 4, 33/33 HPs)
             Began as a Demigod Fire Elementalist on Apr 20, 2020.
             Quit the game on level 3 of the Dungeon on July 17, 2021.
             The game lasted 00:11:37 (2846 turns).

Angani the Firebug (Demigod Fire Elementalist)      Turns: 2846, Time: 00:11:37

Health: 33/33      AC:  2    Str: 11    XL:     4   Next: 54%
Magic:  20/20      EV: 15    Int: 21    God:
Gold:   133        SH:  0    Dex: 16    Spells: 1/8 levels left

rFire    . . .     SeeInvis .   (no weapon)
rCold    . . .     Faith    .   (no shield)
rNeg     . . .     Spirit   .   a - +0 robe
rPois    .         Reflect  .   (no helmet)
rElec    .         Harm     .   (no cloak)
rCorr    .         Rampage  .   (no gloves)
Will     .....                  (no boots)
Stlth    ++........             (no amulet)
HPRegen  0.11/turn              l - +3 ring of evasion
MPRegen  0.17/turn              n - ring of magical power

@: no status effects
A: high mp 1, forlorn
a: no special abilities


You were on level 3 of the Dungeon.
You visited 1 branch of the dungeon, and saw 4 of its levels.

You collected 133 gold pieces.

Inventory:

Missiles
 o - 31 poisoned darts (quivered)
Armour
 a - a +0 robe (worn)
 k - a +2 buckler
Jewellery
 l - a +3 ring of evasion (left hand)
 n - a ring of magical power (right hand)
Wands
 d - a wand of iceblast (13)
Scrolls
 b - 2 scrolls of enchant armour {unknown}
 f - a scroll of identify {unknown}
 g - a scroll of immolation {unknown}
 h - a scroll of removedness
Potions
 e - 3 potions of curing {unknown}
 i - a potion of flight {unknown}
 j - a potion of attraction {unknown}
 m - 2 potions of might {unknown}
 p - a potion of heal wounds {unknown}
Comestibles
 c - 5 removed foods
 q - 3 removed foods


   Skills:
 - Level 1.7 Dodging
 - Level 1.7 Stealth
 + Level 2.8 Spellcasting
 + Level 2.4 Conjurations
 + Level 3.7 Fire Magic


You had one spell level left.
You knew the following spells:

 Your Spells              Type           Power      Damage    Failure   Level
a - Foxfire               Conj/Fire      60%        2x1d7     3%          1
b - Conjure Flame         Conj/Fire      15%        6-21      12%         3
c - Inner Flame           Hex/Fire       10%        N/A       19%         3

Your spell library contained the following spells:

 Spells                   Type           Power      Damage    Failure   Level
 Sticky Flame             Conj/Fire      15%        2d4       36%         4
 Fireball                 Conj/Fire      7%         3d5       71%         5


Dungeon Overview and Level Annotations

Branches:
Dungeon (4/15)
 Temple: D:4-7


Innate Abilities, Weirdness & Mutations

Your attributes grow dramatically as you level up.
You have an increased reservoir of magic. (+10% MP)
You shall have no god before yourself.


Message History

The foxfire hits the hobgoblin!
You kill the hobgoblin!
Some of the chunks of flesh in your inventory have rotted away.
You see here a robe.
You see here a robe.
Things that are here:
a +0 club; a hobgoblin corpse You butcher the hobgoblin corpse.
q - 5 chunks of flesh (gained 3)
Things that are here:
a +0 club; a hobgoblin skeleton You see here a hand axe.
You open the door.
Some of the chunks of flesh in your inventory have rotted away.
Done exploring.
Done exploring.
Done exploring.
Done exploring.
You see here a +0 halberd.
You see here a +0 flail.
Done exploring.
You climb downwards.
An orc, 2 orc priests and an orc wizard come into view.
The orc priest shouts!
The orc shouts!
You hear a shout!
The orc wizard shouts!
Okay, then.
You climb upwards.
Saving game... please wait.
Welcome back, Angani the Demigod Fire Elementalist.
Press ? for a list of commands and other information.
Are you sure you want to abandon this character and quit the game? (Confirm with "yes".)

########## #........#
#.######.# #.# #)#
#.######.#########
#..)..##.........#
#####[##.........#
#######'##.........########
#........#@........'.......
#........#.........########
#........#.........'##.....
#........##........########
#........##......).#_≈#
#........##....)...#.######
#######............#.'.....
###########..#.##....
#..#_≈#....


There were no monsters in sight!

Vanquished Creatures
  3 gnolls (D:3)
  5 adders
  An endoplasm (D:2)
  A worm (D:3)
  A dart slug (D:1)
  2 removed leopard geckos (D:3)
  A giant cockroach (D:3)
  3 hobgoblins
  3 quokkas
  6 bats
  3 frilled lizards
  9 goblins
  5 kobolds
  5 rats
48 creatures vanquished.

Vanquished Creatures (others)
  A kraken (D:1)
  2 octopodes (D:1)
  A spriggan (D:1)
  2 dwarves (D:1)
  123 foxfires
  3 plants (D:2)
  5 tentacles (D:1)
137 creatures vanquished.

Grand Total: 185 creatures vanquished

Notes
Turn   | Place    | Note
-------+----------+-------------------------------------------
     0 | D:1      | Angani the Demigod Fire Elementalist began the quest for
                  | the Orb.
     0 | D:1      | Reached XP level 1. HP: 14/14 MP: 5/5
     0 | D:1      | Noticed a vampire
     0 | D:1      | Noticed a spriggan
     0 | D:1      | Noticed a naga
     0 | D:1      | Noticed a ghoul
     0 | D:1      | Noticed a draconian
     0 | D:1      | Noticed a spriggan
     0 | D:1      | Noticed a kraken
     0 | D:1      | Noticed a dwarf
     0 | D:1      | Noticed an octopode
     0 | D:1      | Noticed an octopode
     0 | D:1      | Noticed a ghoul
     0 | D:1      | Noticed a dwarf
     4 | D:1      | Killed a spriggan
     5 | D:1      | Killed an octopode
     7 | D:1      | Killed a dwarf
    10 | D:1      | Killed an octopode
    10 | D:1      | Killed a dwarf
    10 | D:1      | Killed a kraken
   177 | D:1      | Reached skill level 1 in Conjurations
   421 | D:1      | Reached skill level 3 in Fire Magic
   545 | D:2      | Reached XP level 2. HP: 20/20 MP: 5/7
   700 | D:2      | Reached XP level 3. HP: 26/26 MP: 6/9
  1455 | D:3      | Found a radiant altar of Vehumet.
  1455 | D:3      | Found a hide-covered altar of Uskayaw.
  1792 | D:3      | Reached XP level 4. HP: 17/33 MP: 4/10
  2256 | D:3      | Learned a level 3 spell: Conjure Flame
  2262 | D:3      | Learned a level 3 spell: Inner Flame
  2647 | D:3      | Found an opulent altar of Gozag.
  2647 | D:3      | Found a glowing golden altar of the Shining One.
  2846 | D:3      | Upgraded the game from 0.25-a0-815-gab441bd002 to
                  | 0.27-a0-1572-gacd6f1ce93
  2846 | D:3      | Quit the game

Illustrated notes

Levels and vault maps discovered:
D:1:      nicolae_arrival_kraken_aquarium_a, layout_rooms, bh_walls_and_bars
D:2:      layout_loops_ring, first_ration, serial_bayou, serial_bayou_lagoon_a,
          serial_bayou_pond_a, serial_bayou_pond_b, serial_bayou_shore_a,
          due_unseen_surprise
D:3:      layout_basic, gammafunk_temple_overflow_elements,
          chequers_temple_overflow_statue_of_worship, kennysheep_crisscross
D:4:      layout_rooms, grunt_ministairs_7, uniq_pikel

Skill      XL: |  1  2  3 |
---------------+----------+-----
Conjurations   | 1 2 |  2.4
Spellcasting   | 2 |  2.8
Fire Magic     | 3 |  3.7
Dodging        | |  1.7
Stealth        | |  1.7

Action                   |  1- 3 |  4- 6 || total
-------------------------+-------+-------++-------
Melee: Unarmed           |       |     3 ||     3
 Cast: Foxfire           |    59 |    21 ||    80
       Conjure Flame     |       |     2 ||     2
  Eat: Removed food      |     3 |     3 ||     6
Armor: Robe              |     1 |       ||     1
Dodge: Dodged            |    21 |    19 ||    40

Table legend: (Time is in decaauts)
 A = Elapsed time spent in this place.
 B = Non-inter-level travel time spent in this place.
 C = Inter-level travel time spent in this place.
 D = Time resting spent in this place.
 E = Time spent auto-exploring this place.
 F = Levels seen in this place.
 G = Mean time per level.
                   A        B        C        D        E       F      G
               +--------+--------+--------+--------+--------+-----+--------+
         Total |   2869 |   2794 |     75 |    718 |   1464 |   4 |  717.2 |
       Dungeon |   2869 |   2794 |     75 |    718 |   1464 |   4 |  717.2 |
               +--------+--------+--------+--------+--------+-----+--------+
